[ AOE2 MATCH · #506356457 ]
UnrankedSpanish vs Incas
Player's team · LOSS
Rival team · WIN
[ REPLAY ANALYSIS · EXTRACTED FROM THE RECORDED GAME ]
Feudal
11:34
Castle
23:27
Imperial
—
| APM avg | 42.6 |
| APM peak | 96 |
| eAPM avg | 20.5 |
| Villagers / military | 54 / 7 |
Focus
⚔️ 8.5% · 🌾 91.5%
Scout Cavalry ×5 · Knight ×1 · Conquistador ×1
Feudal
14:14
Castle
19:22
Imperial
—
| APM avg | 45.7 |
| APM peak | 71 |
| eAPM avg | 19.8 |
| Villagers / military | 53 / 10 |
Focus
⚔️ 44.4% · 🌾 55.6%
Unknown (2550) ×49 · Spearman ×7 · Battering Ram ×3
Match map
Initial resources + every placement click. Lines = walls · curves = elevation contours. ◆ gold · ⬟ stone · ● berries · ✦ relic · ◌ wall gap
Your base· Open — unwalled flank
包皮拉上就是套's base· Open — unwalled flank
Smoothed initial terrain · ◌ = detected wall gap · hover for details
Inputs per minute
— 南宁T5电竞 - - 包皮拉上就是套
Build order — 南宁T5电竞
112 actions detected in the replay
| 0:01 | Queue | Villager (Male) |
| 0:01 | Queue | Villager (Male) |
| 0:01 | Queue | Villager (Male) |
| 0:02 | Build | House |
| 0:03 | Build | House |
| 0:05 | Build | House |
| 0:14 | Build | House |
| 0:53 | Queue | Villager (Male) |
| 0:53 | Queue | Villager (Male) |
| 1:43 | Build | Lumber Camp |
| 1:44 | Queue | Villager (Male) |
| 1:44 | Queue | Villager (Male) |
| 2:01 | Queue | Villager (Male) |
| 2:01 | Queue | Villager (Male) |
| 2:32 | Queue | Villager (Male) |
| 2:32 | Queue | Villager (Male) |
| 2:56 | Queue | Villager (Male) |
| 2:56 | Queue | Villager (Male) |
| 3:20 | Queue | Villager (Male) |
| 3:21 | Queue | Villager (Male) |
| 3:21 | Queue | Villager (Male) |
| 4:12 | Queue | Villager (Male) |
| 4:12 | Queue | Villager (Male) |
| 4:17 | Build | Mill |
| 5:00 | Queue | Villager (Male) |
| 5:37 | Queue | Villager (Male) |
| 5:38 | Queue | Villager (Male) |
| 5:38 | Queue | Villager (Male) |
| 6:45 | Queue | Villager (Male) |
| 6:45 | Queue | Villager (Male) |
| 6:45 | Queue | Villager (Male) |
| 6:47 | Queue | Villager (Male) |
| 7:01 | Build | Barracks |
| 7:16 | Build | House |
| 8:25 | Queue | Villager (Male) |
| 8:56 | Research | Feudal Age |
| 8:59 | Research | Loom |
| 9:00 | Research | Feudal Age |
| 9:23 | Build | Mining Camp |
| 10:51 | Queue | Villager (Male) |
| 11:27 | Build | Lumber Camp |
| 11:34 | Age | Feudal Age |
| 11:51 | Build | Farm |
| 11:55 | Build | Farm |
| 11:58 | Build | Farm |
| 12:01 | Build | Farm |
| 12:23 | Build | Farm |
| 12:44 | Queue | Villager (Male) |
| 12:44 | Queue | Villager (Male) |
| 12:48 | Queue | Villager (Male) |
| 12:51 | Research | Double-Bit Axe |
| 13:14 | Build | Farm |
| 13:25 | Build | Farm |
| 13:38 | Build | Farm |
| 13:39 | Queue | Villager (Male) |
| 14:05 | Build | Stable |
| 14:10 | Build | House |
| 14:25 | Queue | Villager (Male) |
| 14:27 | Build | Farm |
| 14:31 | Queue | Villager (Male) |
| 14:48 | Queue | Scout Cavalry |
| 14:48 | Queue | Scout Cavalry |
| 15:03 | Build | Blacksmith |
| 15:05 | Build | House |
| 15:12 | Build | Farm |
| 15:37 | Research | Forging |
| 15:50 | Queue | Villager (Male) |
| 15:53 | Queue | Villager (Male) |
| 15:56 | Queue | Scout Cavalry |
| 17:05 | Queue | Villager (Male) |
| 17:08 | Build | Farm |
| 17:11 | Build | Farm |
| 17:14 | Build | Farm |
| 17:16 | Build | Farm |
| 17:17 | Queue | Villager (Male) |
| 17:35 | Research | Horse Collar |
| 17:50 | Queue | Villager (Male) |
| 17:50 | Queue | Villager (Male) |
| 18:00 | Build | Farm |
| 18:09 | Build | Mining Camp |
| 18:55 | Queue | Villager (Male) |
| 18:57 | Build | Farm |
| 19:02 | Build | Farm |
| 19:03 | Queue | Villager (Male) |
| 19:03 | Queue | Villager (Male) |
| 19:26 | Build | Farm |
| 19:48 | Build | Farm |
| 20:09 | Queue | Villager (Male) |
| 20:47 | Research | Castle Age |
| 20:59 | Build | Farm |
| 21:24 | Research | Scale Barding Armor |
| 21:26 | Queue | Scout Cavalry |
| 22:10 | Queue | Villager (Male) |
| 22:11 | Queue | Villager (Male) |
| 22:29 | Queue | Scout Cavalry |
| 23:00 | Build | Stable |
| 23:27 | Age | Castle Age |
| 24:02 | Build | Castle |
| 24:10 | Queue | Villager (Male) |
| 24:10 | Queue | Villager (Male) |
| 24:10 | Queue | Villager (Male) |
| 24:16 | Queue | Knight |
| 24:20 | Build | Farm |
| 25:22 | Queue | Villager (Male) |
| 25:23 | Queue | Villager (Male) |
| 26:29 | Queue | Villager (Male) |
| 26:30 | Queue | Villager (Male) |
| 26:31 | Queue | Villager (Male) |
| 26:44 | Research | Bow Saw |
| 26:57 | Research | Iron Casting |
| 27:21 | Research | Gold Mining |
| 27:46 | Queue | Conquistador |
Build order — 包皮拉上就是套
First 150 of 169 actions detected
| 0:00 | Queue | Villager (Male) |
| 0:00 | Queue | Villager (Male) |
| 0:01 | Queue | Villager (Male) |
| 0:02 | Build | House |
| 0:04 | Build | Barracks |
| 0:26 | Queue | Villager (Male) |
| 1:03 | Queue | Unit 2550 |
| 1:16 | Queue | Villager (Male) |
| 1:16 | Queue | Villager (Male) |
| 1:57 | Queue | Villager (Male) |
| 2:23 | Queue | Villager (Male) |
| 2:23 | Queue | Villager (Male) |
| 2:28 | Queue | Unit 2550 |
| 2:47 | Queue | Villager (Male) |
| 3:08 | Queue | Villager (Male) |
| 3:09 | Queue | Villager (Male) |
| 3:40 | Queue | Villager (Male) |
| 3:40 | Queue | Villager (Male) |
| 3:54 | Build | House |
| 4:13 | Queue | Villager (Male) |
| 4:18 | Queue | Unit 2550 |
| 4:46 | Queue | Villager (Male) |
| 4:46 | Queue | Villager (Male) |
| 5:12 | Queue | Villager (Male) |
| 5:12 | Queue | Villager (Male) |
| 5:35 | Queue | Villager (Male) |
| 6:00 | Queue | Villager (Male) |
| 6:06 | Queue | Unit 2550 |
| 6:20 | Build | Settlement |
| 6:53 | Queue | Villager (Male) |
| 7:14 | Queue | Villager (Male) |
| 7:35 | Queue | Villager (Male) |
| 7:48 | Build | Settlement |
| 8:08 | Queue | Villager (Male) |
| 8:10 | Queue | Unit 2550 |
| 8:28 | Queue | Villager (Male) |
| 8:41 | Build | Farm |
| 8:54 | Queue | Villager (Male) |
| 9:02 | Queue | Unit 2550 |
| 9:08 | Build | Farm |
| 9:12 | Build | Farm |
| 9:29 | Queue | Unit 2550 |
| 9:33 | Queue | Villager (Male) |
| 9:34 | Queue | Villager (Male) |
| 10:22 | Queue | Villager (Male) |
| 10:23 | Queue | Unit 2550 |
| 10:42 | Build | Farm |
| 10:45 | Build | Farm |
| 10:49 | Queue | Villager (Male) |
| 10:51 | Queue | Villager (Male) |
| 11:16 | Queue | Unit 2550 |
| 11:18 | Queue | Villager (Male) |
| 11:51 | Build | Farm |
| 12:00 | Research | Feudal Age |
| 12:22 | Queue | Unit 2550 |
| 12:43 | Build | Farm |
| 12:44 | Build | Farm |
| 12:44 | Build | Farm |
| 12:44 | Build | Farm |
| 13:28 | Queue | Unit 2550 |
| 14:14 | Age | Feudal Age |
| 14:17 | Queue | Villager (Male) |
| 14:18 | Queue | Villager (Male) |
| 14:19 | Research | Tech 1402 |
| 14:33 | Build | Market |
| 14:45 | Build | Blacksmith |
| 15:04 | Queue | Villager (Male) |
| 15:36 | Build | Settlement |
| 15:42 | Queue | Villager (Male) |
| 15:42 | Queue | Villager (Male) |
| 15:51 | Build | House |
| 15:56 | Build | Farm |
| 15:56 | Build | Farm |
| 16:05 | Build | Farm |
| 16:42 | Research | Castle Age |
| 16:50 | Build | Barracks |
| 17:04 | Queue | Spearman |
| 17:04 | Queue | Spearman |
| 17:18 | Research | Scale Mail Armor |
| 17:18 | Research | Scale Mail Armor |
| 17:37 | Queue | Spearman |
| 17:37 | Queue | Spearman |
| 17:42 | Queue | Spearman |
| 17:45 | Research | Loom |
| 17:50 | Build | Palisade Wall |
| 17:55 | Build | Palisade Wall |
| 18:03 | Build | Palisade Wall |
| 18:07 | Queue | Spearman |
| 18:52 | Research | Forging |
| 18:58 | Queue | Spearman |
| 19:16 | Build | Farm |
| 19:16 | Build | Farm |
| 19:18 | Queue | Unit 2550 |
| 19:19 | Queue | Unit 2550 |
| 19:19 | Queue | Unit 2550 |
| 19:19 | Queue | Unit 2550 |
| 19:22 | Age | Castle Age |
| 19:47 | Queue | Villager (Male) |
| 19:50 | Queue | Villager (Male) |
| 19:54 | Build | Farm |
| 19:56 | Build | Farm |
| 20:01 | Build | Farm |
| 20:04 | Build | Farm |
| 20:13 | Build | Farm |
| 20:16 | Queue | Unit 2550 |
| 20:26 | Queue | Villager (Male) |
| 20:33 | Build | Farm |
| 21:01 | Queue | Unit 2550 |
| 21:01 | Queue | Unit 2550 |
| 21:02 | Queue | Villager (Male) |
| 21:22 | Research | Tech 1351 |
| 21:28 | Queue | Villager (Male) |
| 21:33 | Build | Farm |
| 21:33 | Build | Farm |
| 21:35 | Queue | Villager (Male) |
| 21:48 | Queue | Unit 2550 |
| 21:48 | Queue | Unit 2550 |
| 22:21 | Research | Squires |
| 22:22 | Queue | Villager (Male) |
| 22:24 | Queue | Unit 2550 |
| 22:45 | Queue | Unit 2550 |
| 22:45 | Queue | Unit 2550 |
| 23:09 | Queue | Unit 2550 |
| 23:10 | Queue | Unit 2550 |
| 23:10 | Queue | Villager (Male) |
| 23:10 | Queue | Villager (Male) |
| 23:44 | Build | Farm |
| 23:44 | Build | Farm |
| 23:49 | Build | Siege Workshop |
| 24:03 | Queue | Unit 2550 |
| 24:03 | Queue | Unit 2550 |
| 24:07 | Queue | Unit 2550 |
| 24:12 | Build | Barracks |
| 24:31 | Queue | Unit 2550 |
| 24:31 | Queue | Unit 2550 |
| 24:34 | Queue | Villager (Male) |
| 24:34 | Queue | Villager (Male) |
| 24:40 | Research | Chain Mail Armor |
| 25:03 | Queue | Battering Ram |
| 25:10 | Queue | Unit 2550 |
| 25:10 | Queue | Unit 2550 |
| 25:12 | Queue | Villager (Male) |
| 25:13 | Queue | Villager (Male) |
| 25:14 | Queue | Unit 2550 |
| 25:14 | Queue | Unit 2550 |
| 25:15 | Queue | Unit 2550 |
| 25:37 | Queue | Unit 2550 |
| 25:37 | Queue | Unit 2550 |
| 26:14 | Queue | Unit 2550 |
| 26:14 | Queue | Unit 2550 |
Match timeline
| 0:04 | 包皮拉上就是套 · first_building Barracks |
| 7:01 | 南宁T5电竞 · first_building Barracks |
| 11:34 | 南宁T5电竞 · age_up feudal |
| 14:05 | 南宁T5电竞 · first_building Stable |
| 14:14 | 包皮拉上就是套 · age_up feudal |
| 17:50 | 包皮拉上就是套 · wall_segment Palisade Wall x4 |
| 17:55 | 包皮拉上就是套 · wall_segment Palisade Wall x6 |
| 18:03 | 包皮拉上就是套 · wall_segment Palisade Wall x3 |
| 19:22 | 包皮拉上就是套 · age_up castle |
| 23:27 | 南宁T5电竞 · age_up castle |
| 23:49 | 包皮拉上就是套 · first_building Siege Workshop |
| 24:02 | 南宁T5电竞 · first_building Castle |
| 24:39 | 包皮拉上就是套 · first_market_sell 100 stone |
| 28:29 | 南宁T5电竞 · resign |
[ AI ANALYSIS · 1 CREDIT ]
What really happened in this match?
Wolo.gg analyzes every decision: build order, eco, micro, common mistakes by bracket. Personalized analysis on WhatsApp or Discord in 30 seconds.
Civ guide
Spanish
Perfil
Jugador #22375469